 Dungeon Crawl Stone Soup version 0.24-a0-459-g225fefd530 (webtiles) character file.

Game seed: 5634068874540126480

140476 vurker the Earth Mage (level 17, -15/108 HPs)
             Began as a Gargoyle Earth Elementalist on June 28, 2019.
             Was a High Priest of Vehumet.
             Shot with a bolt by a naga sharpshooter (23 damage)
             ... led by Vashnia
             ... on level 3 of the Snake Pit.
             The game lasted 01:57:25 (48955 turns).

vurker the Earth Mage (GrEE)                       Turns: 48955, Time: 01:57:26

Health: -15/108    AC: 24    Str: 17    XL:     17   Next: 30%
Magic:  38/41      EV: 12    Int: 26    God:    Vehumet [*****.]
Gold:   1177       SH:  5    Dex: 10    Spells: 8/38 levels left

rFire    . . .     SeeInvis +   b - +9 broad axe (elec)
rCold    . . .     Gourm    .   Q - +0 buckler
rNeg     + + .     Faith    +   X - +1 robe of Analysis {rN+ MP+9 Str+4 Int+2}
rPois    ∞         Spirit   .   T - +2 hat {SInv}
rElec    +         Reflect  .   m - +1 cloak
rCorr    .         Harm     .   D - +0 pair of gloves
MR       ++...                  g - +0 pair of boots
Stlth    ++........             M - amulet of faith {!P}
HPRegen  0.28/turn              l - ring of protection from magic
MPRegen  0.27/turn              K - ring of Due Proportion {AC+2 Int+2 Slay+3}

@: flying
A: big wings, negative energy resistance 1, electricity resistance, unbreathing,
petrification resistance, rot immunity, AC +12
a: Stop Flying, Renounce Religion


You were on level 3 of the Snake Pit.
You worshipped Vehumet.
Vehumet was extremely pleased with you.
You were not hungry.

You visited 5 branches of the dungeon, and saw 27 of its levels.
You also visited: Bailey.

You collected 2529 gold pieces.
You spent 1352 gold pieces at shops.

Inventory:

Hand Weapons
 b - a +9 broad axe of electrocution (weapon)
   (You bought it in a shop on level 1 of the Orcish Mines)
Missiles
 o - 206 stones (quivered)
Armour
 g - a +0 pair of boots (worn)
   (You found it on level 4 of the Dungeon)
 m - a +1 cloak (worn)
   (You took it off Crazy Yiuf on level 6 of the Dungeon)
 D - a +0 pair of gloves (worn)
   (You found it on level 1 of the Lair of Beasts)
 Q - a +0 buckler (worn)
   (You found it on level 15 of the Dungeon)
 S - a +2 shield of protection
   (You took it off a tengu warrior on level 15 of the Dungeon)
 T - a +2 hat of see invisible (worn)
   (You took it off Gastronok on level 1 of the Orcish Mines)
 X - the +1 robe of Analysis (worn) {rN+ MP+9 Str+4 Int+2}
   (You bought it in a shop on level 2 of the Snake Pit)

   It affects your strength (+4).
   It affects your intelligence (+2).
   It protects you from negative energy.
   It affects your magic capacity (+9).
Magical Staves
 a - an uncursed staff of wizardry {!a}
   (You found it on level 5 of the Dungeon)
 P - an uncursed staff of fire
   (You found it on level 6 of the Lair of Beasts)
Jewellery
 l - a ring of protection from magic (left hand)
   (You found it on level 5 of the Dungeon)
 x - an uncursed amulet of rage
   (You took it off a salamander on level 2 of the Snake Pit)
 z - an uncursed ring of see invisible
   (You found it on level 2 of the Dungeon)
 K - the ring of Due Proportion (right hand) {AC+2 Int+2 Slay+3}
   (You found it on level 4 of the Lair of Beasts)

   [ring of protection]

   It affects your AC (+2).
   It affects your intelligence (+2).
   It affects your accuracy and damage with ranged weapons and melee attacks
   (+3).
 M - an amulet of faith (around neck) {!P}
   (You found it on level 4 of the Lair of Beasts)
 R - an uncursed amulet of the gourmand
   (You took it off a naga sharpshooter on level 2 of the Snake Pit)
Wands
 c - a wand of disintegration (24)
   (You found it on level 9 of the Dungeon)
 d - a wand of iceblast (11)
   (You bought it in a shop on level 2 of the Snake Pit)
 t - a wand of flame (38)
   (You found it on level 15 of the Dungeon)
 u - a wand of paralysis (5)
   (You bought it in a shop on level 2 of the Snake Pit)
 A - a wand of scattershot (5)
   (You found it on level 8 of the Dungeon)
 E - a wand of polymorph (12)
   (You took it off a crimson imp on level 9 of the Dungeon)
 J - a wand of enslavement (40)
   (You found it on level 3 of the Lair of Beasts)
Scrolls
 h - a scroll of brand weapon
 k - a scroll of enchant armour
 n - 8 scrolls of fear
 r - 4 scrolls of amnesia
 y - 6 scrolls of magic mapping
 C - 8 scrolls of remove curse {@r2}
 F - a scroll of enchant weapon
 G - 2 scrolls of fog
 H - 2 scrolls of silence
 I - a scroll of summoning
 O - 11 scrolls of identify {@r1}
 W - 5 scrolls of teleportation {@r4}
Potions
 f - a potion of magic
 i - 3 potions of heal wounds {@q2}
 j - 3 potions of lignification {!q}
 p - a potion of brilliance
 q - 12 potions of curing {@q1}
 s - 6 potions of flight
 v - 5 potions of haste {@q3}
 w - a potion of agility
 B - a potion of might
 L - 3 potions of invisibility
 N - a potion of mutation {unknown}
 V - a potion of cancellation
Comestibles
 e - 23 rations {!d}
 U - 3 chunks of flesh


   Skills:
 + Level 12.7 Fighting
 + Level 2.6 Axes
 - Level 5.0 Armour
 - Level 1.5 Dodging
 - Level 2.1 Stealth
 * Level 7.5 Shields
 + Level 11.2 Spellcasting
 * Level 14.6 Conjurations
 - Level 6.0 Summonings
 - Level 2.0 Transmutations
 - Level 10.0 Air Magic
 + Level 17.2 Earth Magic


You had 8 spell levels left.
You knew the following spells:

 Your Spells              Type           Power        Failure   Level  Hunger
a - Sandblast             Erth           ######       0%          1    None
b - Stone Arrow           Conj/Erth      ######       0%          3    None
c - Iron Shot             Conj/Erth      #######...   1%          6    #####..
d - Lehudib's Crystal Sp  Conj/Erth      #######...   11%         8    #######
q - Passwall              Tmut/Erth      ######..     1%          2    None
w - Apportation           Tloc           ##....       4%          1    None
x - Summon Lightning Spi  Summ/Air       ######..     1%          4    None
z - Lee's Rapid Deconstr  Erth           #######...   1%          5    ###....

Your spell library contained the following spells:

 Spells                   Type           Power        Failure   Level  Hunger
 Chain Lightning          Conj/Air       ######....   38%         8    #######
 Ignition                 Fire           ##........   100%        8    #######
 Summon Small Mammal      Summ           ####         1%          1    None
 Call Imp                 Summ           #####...     1%          2    None
 Call Canine Familiar     Summ           #####...     1%          3    None
 Petrify                  Tmut/Erth      ######..     1%          4    None
 Bolt of Magma            Conj/Fire/Erth ######....   1%          5    ###....
 Iskenderun's Battlesphe  Conj/Chrm      ######..     1%          5    ###....
 Venom Bolt               Conj/Pois      ######....   1%          5    ###....
 Orb of Destruction       Conj           ######....   2%          7    ######.
 Summon Guardian Golem    Hex/Summ       ####....     3%          3    None
 Animate Skeleton         Necr           N/A          4%          1    None
 Confusing Touch          Hex            ##....       4%          1    None
 Summon Ice Beast         Ice/Summ       ####....     12%         4    None
 Spellforged Servitor     Conj/Summ      ######....   13%         7    ######.


Dungeon Overview and Level Annotations

Branches:
Dungeon (15/15)            Temple (1/1) D:6            Lair (6/6) D:10
 Shoals (0/4) Lair:3        Snake (3/4) Lair:4        Slime (0/5) Lair:6
    Orc (2/2) D:11            Elf (0/3) Orc:2        Vaults (0/5) D:13
 Depths (0/5) D:15

Altars:
Ashenzari
Cheibriados
Dithmenos
Elyvilon
Fedhas
Gozag
Hepliaklqana
Kikubaaqudgha
Makhleb
Nemelex Xobeh
Okawaru
Qazlal
Ru
Sif Muna
Trog
Uskayaw
Vehumet
Wu Jian
Xom
Yredelemnul
Zin
The Shining One

Shops:
D:5 ?   D:8 }:(%(   Orc:1 *   Orc:2 ?([*:(*((   Snake:1 ![   Snake:2 [}[

Portals:
Trove: D:11 (give 2 scrolls of acquirement)

Annotations:
D:11 2 transporters
Lair:3 exclusion: oklob plant
Lair:4 1 runed translucent door, Ratty's ghost, journeyman MiMo
Lair:6 exclusion: 3 oklob plants
Snake:3 Vashnia


Innate Abilities, Weirdness & Mutations

You are resistant to torment.
Your stone body is resilient. (AC +12)
You are immune to poison.
Your large and strong wings let you fly indefinitely.
You resist negative energy. (rN+)
You are resistant to electric shocks. (rElec)
You can survive without breathing.
You are immune to petrification.
You are immune to rotting.


Message History

The naga dies!
Vehumet accepts your kill.
Items here: ( ))) [ † You butcher the salamander corpse.
U - 4 chunks of flesh
Items here: ( ))) [ ÷ You see here 2 arrows.
Your lightning spire disappears in a puff of smoke!
There is a stone staircase leading up here.
You start resting.
Eating one of 4 chunks of flesh.
You eat one of the 4 chunks of flesh.
Vashnia is too close now for your liking.
A stone staircase leading up.
Vashnia shouts!
You hear a shout!
Vashnia blinks!
You fly upwards.
There is a stone staircase leading down here.
You start resting.
You start resting.
You fly downwards.
Level annotation: Vashnia
There is a stone staircase leading up here.
Okay, then.
Vashnia blinks!
Vashnia casts a spell.
Vashnia magically shoots a bolt.
You block the bolt.
You see here 2 bolts.
An electric hum fills the air.
Vashnia shoots a bolt.
The bolt hits you!
The naga sharpshooter shouts!
The naga sharpshooter unwields a +0 long sword.
The naga sharpshooter wields a +0 arbalest.
The naga sharpshooter casts a spell.
The naga sharpshooter magically shoots a bolt.
The bolt hits you!
Vashnia shoots a bolt.
The bolt hits you!!
You see here 3 bolts.
The naga sharpshooter shouts!
The naga sharpshooter mumbles some strange words.
The naga sharpshooter magically shoots a bolt.
The bolt hits you!
* * * LOW HITPOINT WARNING * * *
The naga sharpshooter shoots a bolt.
The bolt hits you!
* * * LOW HITPOINT WARNING * * *
You hear a shout!
You see here 3 bolts.
The naga sharpshooter shoots a bolt.
The bolt hits you!!
* * * LOW HITPOINT WARNING * * *
Vashnia shoots a bolt.
The bolt hits you!
* * * LOW HITPOINT WARNING * * *
The naga sharpshooter shoots a bolt.
The bolt hits you!!
You die...

##......§.# #
#..N###N## #
.....8. #....##N#
.# .......
####.##.##..#
.N>..N. #..#.....#
.N.N... .
#....##.## ..N....
...######..^.##.#
..)..).
.........(......#
N......
.......<..@(....#
..........8........
...############.N..
.. ####


You could see Vashnia, 3 naga sharpshooters and a friendly lightning spire.

Vanquished Creatures
  Gastronok (Orc:1)
  A nagaraja (Snake:2)
  Aizul (Snake:1)
  An orc warlord (Orc:2)
  2 entropy weavers
  Nessos (Lair:6)
  Azrael (D:15)
  A dire elephant (D:15)
  Erolcha (D:12)
  Josephine (Lair:6)
  A naga warrior (Snake:2)
  Fannar (D:10)
  A great orb of eyes (D:15)
  6 hydras
  2 anacondas (Snake:1)
  A death knight (D:15)
  3 centaur warriors
  3 two-headed ogres
  A queen ant (Lair:6)
  2 tengu warriors (D:15)
  Erica (Orc:1)
  4 orc high priests (Orc:2)
  3 shock serpents (Snake:2)
  2 naga sharpshooters
  A salamander mystic (Snake:3)
  4 unseen horrors
  2 naga ritualists (Snake:1)
  A wizard (D:15)
  7 orc knights
  3 orc sorcerers (Orc:2)
  12 ugly things
  An oklob plant (Lair:3)
  9 mana vipers
  7 manticores
  2 deep elf magi
  2 cyclopes
  4 salamanders
  A torpor snail (Lair:5)
  20 elephants
  16 black mambas
  6 naga magi
  26 spiny frogs
  2 gargoyles
  8 komodo dragons
  An efreet (D:13)
  A kobold demonologist (D:12)
  3 rime drakes
  A yaktaur (D:15)
  A freezing wraith (D:15)
  A tengu conjurer (D:15)
  3 meliai (Lair:5)
  A meliai (shapeshifter) (D:14)
  A queen bee (Lair:5)
  4 trolls
  4 tyrant leeches (Lair:6)
  A slime creature (Lair:2)
  31 blink frogs
  11 hippogriffs
  3 dream sheep
  A meliai zombie (D:13)
  11 wraiths
  36 yaks
  5 wyverns
  4 hogs (D:7)
  A human (D:7)
  2 fire elementals (D:15)
  Eustachio (D:4)
  A steam dragon (D:10)
  3 hungry ghosts
  6 vampire mosquitoes
  3 basilisks
  4 wargs
  An acid dragon (D:14)
  9 nagas
  3 hell hounds (D:15)
  16 soldier ants
  6 porcupines
  20 water moccasins
  4 ice beasts
  An eye of draining (D:15)
  3 sky beasts
  32 orc warriors
  4 phantoms
  A black bear (Lair:2)
  22 centaurs
  17 ogres
  17 wolves
  17 crocodiles
  4 big kobolds
  A wyvern zombie (D:8)
  25 bullfrogs
  A gnoll sergeant (D:8)
  A wyvern skeleton (D:10)
  3 scorpions
  3 wights (D:11)
  26 killer bees
  3 howler monkeys
  5 electric eels
  9 crimson imps
  A bullfrog zombie (D:8)
  3 centaur zombies
  2 quasits
  23 orc priests
  Crazy Yiuf (D:6)
  3 bullfrog skeletons
  4 centaur skeletons
  5 hounds
  3 jellies
  45 orc wizards
  An iron imp (D:9)
  Terence (D:2)
  An iguana (D:12)
  25 worker ants
  A killer bee zombie (D:10)
  2 hound skeletons (D:4)
  11 gnolls
  14 adders
  3 shadow imps
  4 oozes (Lair:2)
  2 worms
  2 dart slugs (D:1)
  3 leopard geckos
  89 orcs
  5 giant cockroaches
  11 goblins
  8 hobgoblins
  22 jackals
  6 quokkas
  2 ball pythons
  4 bats (D:1)
  4 frilled lizards
  32 kobolds
  A leopard gecko zombie (D:9)
  2 quokka skeletons
  8 rats
  A fungus (Lair:2)
930 creatures vanquished.

Vanquished Creatures (collateral kills)
  A nagaraja (Snake:2)
  Louise (Snake:2)
  A vault guard (D:13)
  2 hydras
  A two-headed ogre (D:14)
  A salamander (Snake:2)
  An elephant (Lair:6)
  A torpor snail (shapeshifter) (D:13)
  A torpor snail (Lair:2)
  A spiny frog (Lair:6)
  A komodo dragon (D:10)
  A hornet (D:14)
  A tyrant leech (Lair:6)
  A dream sheep (Lair:2)
  A blink frog (Lair:6)
  2 hippogriffs
  2 wraiths (Lair:6)
  5 yaks
  A wyvern (D:10)
  A soldier ant (Lair:6)
  A naga (Snake:3)
  3 orc warriors
  A wolf (Lair:2)
  2 centaurs (D:14)
  2 jellies (Lair:2)
  9 worker ants (Lair:6)
  A gnoll (Bailey)
  A shadow imp (D:13)
  13 oozes (Lair:2)
  2 orcs
  4 goblins
  A hobgoblin (Bailey)
  10 kobolds (Bailey)
  A fungus (Lair:6)
78 creatures vanquished.

Vanquished Creatures (others)
  An orc (D:15)
  18 fungi
  27 plants
46 creatures vanquished.

Grand Total: 1054 creatures vanquished

Notes
Turn   | Place    | Note
-------+----------+-------------------------------------------
     0 | D:1      | vurker the Gargoyle Earth Elementalist began the quest for
                  | the Orb.
     0 | D:1      | Reached XP level 1. HP: 10/10 MP: 3/3
    79 | D:1      | Reached skill level 4 in Earth Magic
    79 | D:1      | Reached XP level 2. HP: 16/16 MP: 1/5
   350 | D:1      | Reached skill level 1 in Fighting
   363 | D:1      | Learned a level 2 spell: Passwall
   559 | D:1      | Reached XP level 3. HP: 16/20 MP: 4/6
   680 | D:1      | Reached skill level 1 in Transmutations
  1004 | D:2      | Noticed Terence
  1015 | D:2      | Killed Terence
  1015 | D:2      | Reached XP level 4. HP: 22/25 MP: 0/7
  1097 | D:2      | Learned a level 3 spell: Stone Arrow
  1463 | D:2      | Reached skill level 5 in Earth Magic
  1818 | D:2      | Reached XP level 5. HP: 20/30 MP: 6/9
  2083 | D:3      | Found a faded altar of an unknown god.
  2654 | D:4      | Reached XP level 6. HP: 33/36 MP: 10/10
  2661 | D:4      | Learned a level 5 spell: Lee's Rapid Deconstruction
  2817 | D:4      | Found a white marble altar of Elyvilon.
  2818 | D:4      | Noticed Eustachio
  2822 | D:4      | Killed Eustachio
  2822 | D:4      | Reached skill level 1 in Conjurations
  2822 | D:4      | Reached skill level 6 in Earth Magic
  2940 | D:4      | Noticed a phantom
  2966 | D:4      | Killed a phantom
  2966 | D:4      | Reached XP level 7. HP: 36/41 MP: 7/12
  3074 | D:4      | Reached skill level 7 in Earth Magic
  3575 | D:4      | Found a bloodstained altar of Trog.
  3867 | D:5      | Entered Level 5 of the Dungeon
  3871 | D:5      | Found a sparkling altar of Nemelex Xobeh.
  3886 | D:5      | Reached XP level 8. HP: 43/48 MP: 10/13
  3887 | D:5      | Found a basalt altar of Yredelemnul.
  3939 | D:5      | Found an ancient bone altar of Kikubaaqudgha.
  3939 | D:5      | Found a blossoming altar of Fedhas.
  4200 | D:5      | Found Seemeac's Magic Scroll Boutique.
  4258 | D:5      | Found an ornate altar of the Wu Jian Council.
  4431 | D:5      | Found a hide-covered altar of Uskayaw.
  4604 | D:6      | Found a sparkling altar of Nemelex Xobeh.
  4798 | D:6      | Found a staircase to the Ecumenical Temple.
  4804 | Temple   | Entered the Ecumenical Temple
  4875 | Temple   | Became a worshipper of Vehumet
  4936 | D:6      | Reached skill level 8 in Earth Magic
  5044 | D:6      | Reached skill level 5 in Conjurations
  5801 | D:6      | Found a runed translucent door.
  5802 | D:6      | Noticed Crazy Yiuf
  5921 | D:6      | Reached skill level 5 in Fighting
  5921 | D:6      | Reached skill level 9 in Earth Magic
  5921 | D:6      | Reached XP level 9. HP: 44/54 MP: 12/16
  6067 | D:6      | Killed Crazy Yiuf
  6151 | D:7      | Got a faintly humming leather armour
  6172 | D:7      | Identified the +2 leather armour "Faneco" {*Drain Str+2
                  | Int+6 Dex-4} (You found it on level 7 of the Dungeon)
  6196 | D:7      | Reached skill level 5 in Spellcasting
  6304 | D:7      | Reached skill level 10 in Earth Magic
  6652 | D:7      | Reached * piety under Vehumet
  6652 | D:7      | Offered knowledge of Shock by Vehumet.
  6652 | D:7      | Reached skill level 1 in Armour
  6977 | D:7      | Reached skill level 11 in Earth Magic
  7068 | D:7      | Reached XP level 10. HP: 61/61 MP: 18/18
  7399 | D:8      | Found a hazy altar of Hepliaklqana.
  7420 | D:8      | Found a shimmering altar of Xom.
  7605 | D:8      | Found Kenaw's Food Shoppe.
  8112 | D:8      | Found a shadowy altar of Dithmenos.
  8149 | D:8      | Found Yqohyxomor's Antique Weapon Emporium.
  8183 | D:8      | Found a glowing golden altar of the Shining One.
  8209 | D:8      | Reached ** piety under Vehumet
  8210 | D:8      | Offered knowledge of Throw Frost by Vehumet.
  8556 | D:8      | Found Hyentuj's Book Emporium.
  8561 | D:8      | Found Hoah's Weapon Emporium.
  8563 | D:8      | Found Feppobru's Gadget Shoppe.
  9208 | D:9      | Noticed a two-headed ogre
  9213 | D:9      | Offered knowledge of Inner Flame by Vehumet.
  9214 | D:9      | Killed a two-headed ogre
  9214 | D:9      | Reached skill level 12 in Earth Magic
  9463 | D:9      | Reached *** piety under Vehumet
  9672 | D:9      | Learned a level 4 spell: Summon Lightning Spire
 10124 | D:9      | Found an opulent altar of Gozag.
 10247 | D:9      | Offered knowledge of Iskenderun's Mystic Blast by Vehumet.
 10499 | D:9      | Found a snail-covered altar of Cheibriados.
 10673 | D:10     | Entered Level 10 of the Dungeon
 10723 | D:10     | Reached skill level 1 in Summonings
 10723 | D:10     | Reached skill level 1 in Air Magic
 10723 | D:10     | Reached XP level 11. HP: 68/68 MP: 15/21
 10978 | D:10     | You fall into a shaft and drop 2 floors!
 10978 | D:12     | Noticed a five-headed hydra
 10981 | D:12     | Killed a five-headed hydra
 10981 | D:12     | Reached skill level 5 in Armour
 10981 | D:12     | Noticed Erolcha
 10993 | D:12     | Noticed a manticore
 11000 | D:12     | Killed a manticore
 11180 | D:12     | Reached **** piety under Vehumet
 11357 | D:10     | Offered knowledge of Dazzling Spray by Vehumet.
 11425 | D:10     | Reached skill level 13 in Earth Magic
 12029 | D:10     | Found a staircase to the Lair.
 12754 | D:10     | Learned a level 6 spell: Iron Shot
 12936 | D:11     | Found a portal to a secret trove of treasure.
 13157 | D:11     | Reached skill level 5 in Summonings
 13157 | D:11     | Reached skill level 14 in Earth Magic
 13157 | D:11     | Reached XP level 12. HP: 75/75 MP: 23/23
 13256 | D:11     | Found a staircase to the Orcish Mines.
 13330 | D:11     | Found a transporter.
 13330 | D:11     | Found a transporter.
 13345 | D:11     | Noticed an orc high priest
 13846 | Lair:1   | Entered Level 1 of the Lair of Beasts
 13860 | Lair:1   | Noticed Fannar
 14088 | D:10     | Killed Fannar
 14300 | Lair:1   | Reached XP level 13. HP: 79/79 MP: 11/24
 15129 | Lair:1   | Reached ***** piety under Vehumet
 15906 | Lair:2   | Reached skill level 5 in Air Magic
 16078 | Lair:2   | Offered knowledge of Lightning Bolt by Vehumet.
 16945 | Lair:3   | Found a staircase to the Shoals.
 17490 | Lair:3   | You fall into a shaft and drop 1 floor!
 17519 | Lair:4   | Got a sparkling steel ring
 18682 | Lair:3   | Reached skill level 15 in Earth Magic
 19662 | Lair:4   | Found a runed translucent door.
 20032 | Lair:4   | Identified the ring of Due Proportion {AC+2 Int+2 Slay+3}
                  | (You found it on level 4 of the Lair of Beasts)
 20148 | Lair:4   | Found a staircase to the Snake Pit.
 20450 | Lair:4   | Found a shimmering altar of Xom.
 20450 | Lair:4   | Noticed Ratty's ghost (journeyman MiMo)
 20526 | Lair:4   | Reached skill level 10 in Fighting
 20759 | Lair:5   | Gained mutation: Your large and strong wings let you fly
                  | indefinitely. [Gargoyle growth]
 20759 | Lair:5   | Reached XP level 14. HP: 81/88 MP: 13/26
 21620 | Lair:5   | Offered knowledge of Conjure Ball Lightning by Vehumet.
 21717 | Lair:5   | Reached skill level 10 in Conjurations
 22716 | Lair:6   | Entered Level 6 of the Lair of Beasts
 22716 | Lair:6   | Noticed Nessos
 23222 | Lair:6   | Noticed an entropy weaver
 23541 | Lair:6   | Killed an entropy weaver
 26491 | Lair:6   | Noticed an entropy weaver
 26501 | Lair:5   | Killed an entropy weaver
 27897 | Lair:6   | Reached XP level 15. HP: 80/93 MP: 15/28
 28911 | Lair:6   | Offered knowledge of Fireball by Vehumet.
 29188 | Lair:6   | Reached skill level 16 in Earth Magic
 29192 | Lair:6   | Found a staircase to the Slime Pits.
 29765 | Lair:6   | Killed Nessos
 29952 | Lair:6   | Reached ****** piety under Vehumet
 30802 | Lair:6   | Noticed Josephine
 30811 | Lair:6   | Killed Josephine
 31631 | D:12     | Offered knowledge of Poison Arrow by Vehumet.
 31842 | D:12     | Killed Erolcha
 32762 | D:13     | Reached skill level 10 in Spellcasting
 33802 | D:13     | Offered knowledge of Bolt of Fire by Vehumet.
 34375 | D:13     | Found a gate to the Vaults.
 34670 | D:14     | Found a flagged portal.
 34688 | Bailey   | Entered a bailey
 34693 | Bailey   | Learned a level 1 spell: Apportation
 35439 | D:14     | Offered knowledge of Freezing Cloud by Vehumet.
 36205 | D:14     | Got a transparent ring mail
 36265 | D:14     | Identified the +3 ring mail "Retrer" {rPois Stlth+} (You
                  | found it on level 14 of the Dungeon)
 36288 | D:14     | Reached skill level 10 in Air Magic
 36635 | D:14     | Reached XP level 16. HP: 101/101 MP: 21/30
 37462 | D:15     | Entered Level 15 of the Dungeon
 37613 | D:15     | Reached skill level 1 in Shields
 39143 | D:15     | Offered knowledge of Bolt of Cold by Vehumet.
 39536 | D:15     | Noticed Azrael
 39833 | D:15     | Killed Azrael
 40068 | D:15     | Found a staircase to the Depths.
 40768 | Orc:1    | Entered Level 1 of the Orcish Mines
 41721 | Orc:1    | Noticed Erica
 41731 | Orc:1    | Killed Erica
 41732 | Orc:1    | Noticed Gastronok
 41939 | Orc:1    | Killed Gastronok
 42025 | Orc:1    | Found Busai's General Store.
 42284 | Orc:2    | Entered Level 2 of the Orcish Mines
 42349 | Orc:2    | Found Fiowi's Antique Weapon Shop.
 43102 | Orc:2    | Found Ichuunoq's Antique Weapon Shoppe.
 43244 | Orc:2    | Found Nyc Zaam's Assorted Antiques.
 43244 | Orc:2    | Found Loekkiad's Antique Weapon Shop.
 43244 | Orc:2    | Found a staircase to the Elven Halls.
 43351 | Orc:2    | Found Aliel's Magic Scroll Shop.
 43433 | Orc:2    | Reached skill level 5 in Shields
 44995 | Orc:2    | Found Messag's General Store.
 44996 | Orc:2    | Found Eful's Book Boutique.
 44997 | Orc:2    | Found Jumuuseu's Antique Armour Shop.
 44997 | Orc:2    | Found Voeffuk's Antique Weapon Shop.
 45291 | Orc:1    | Bought a +3 broad axe of electrocution for 432 gold pieces
 45535 | Snake:1  | Entered Level 1 of the Snake Pit
 45545 | Snake:1  | Offered knowledge of Lehudib's Crystal Spear by Vehumet.
 45545 | Snake:1  | Offered knowledge of Chain Lightning by Vehumet.
 45545 | Snake:1  | Offered knowledge of Ignition by Vehumet.
 45736 | Snake:1  | Reached skill level 1 in Axes
 45736 | Snake:1  | Reached skill level 17 in Earth Magic
 45740 | Snake:1  | Noticed Aizul
 45860 | Snake:1  | Learned a level 8 spell: Lehudib's Crystal Spear
 45860 | Snake:1  | Found Ohofrut's Armour Shop.
 45860 | Snake:1  | Found Kuyk Xit's Distillery.
 46633 | Snake:1  | Killed Aizul
 46633 | Snake:1  | Reached XP level 17. HP: 99/108 MP: 5/32
 47196 | Snake:2  | Noticed Louise
 47249 | Snake:2  | Killed Louise
 48014 | Snake:2  | Found Otosem's Antique Armour Shoppe.
 48018 | Snake:2  | Found Kism's Gadget Emporium.
 48019 | Snake:2  | Found Houca's Antique Armour Shoppe.
 48111 | Snake:2  | Bought a wand of paralysis (5) for 126 gold pieces
 48111 | Snake:2  | Bought a wand of iceblast (7) for 198 gold pieces
 48111 | Snake:2  | Bought a wand of flame (21) for 207 gold pieces
 48111 | Snake:2  | Bought a wand of iceblast (4) for 144 gold pieces
 48113 | Snake:2  | Bought an ancient robe for 245 gold pieces
 48123 | Snake:2  | Identified the cursed +1 robe of Analysis {rN+ MP+9 Str+4
                  | Int+2} (You bought it in a shop on level 2 of the Snake
                  | Pit)
 48469 | Snake:3  | Noticed Vashnia
 48955 | Snake:3  | Shot with a bolt by a naga sharpshooter

Levels and vault maps discovered:
D:1:      nagdon_arrival_double_spiral, layout_rooms
D:2:      layout_basic, hangedman_decor_clover_reticule, uniq_terence
D:3:      layout_rooms, chequers_ecumenical_altar_simple_redux
D:4:      layout_basic, lightli_temple_of_fire, first_ration,
          hangedman_abyss_or_decor_stabs, chequers_serial_rivers_marsh,
          lemuel_altar_in_water2, uniq_eustachio
D:5:      layout_rooms, grunt_temple_overflow_growth_and_decay,
          chequers_temple_overflow_statue_of_worship, serial_shops,
          shop_scrolls, abandoned_shop, nemelex_xobeh_ov_fountains_minmay
D:6:      layout_loops_ring, overflow_temple_1_default, temple_green,
          uniq_crazy_yiuf_cottage
D:7:      layout_gridville, grunt_livestock
D:8:      layout_rooms, nicolae_tso_carved_into_rock, old_standard_altar,
          nicolae_overflow_hidden_temple, lemuel_coloured_pillars_altar,
          serial_shops, nicolae_shop_crystal, nicolae_shop_stone, shop,
          kennysheep_little_box, shop
D:9:      layout_roguey, marbit_many_paths, slow_altar_2, serial_rivers,
          chequers_serial_rivers_micro_c, chequers_serial_rivers_micro_e,
          chequers_serial_rivers_micro_b, chequers_serial_rivers_marsh,
          chequers_serial_rivers_large_a, chequers_serial_rivers_room_a,
          chequers_serial_rivers_small_b, minmay_between
D:10:     layout_basic, erik_lair_dragon
D:11:     gammafunk_wand_slinger, layout_loops_ring, orc_0_dummy, enter_trove_1
D:12:     layout_gridville, uniq_erolcha
D:13:     layout_cross, david_vaults_5
D:14:     layout_cave_pools, enter_bailey_3
D:15:     hangedman_depths_entry_try_elsewhere_first, layout_basic,
          grunt_decor_arrowhead, uniq_azrael
Temple:   dpeg_three_leaves_temple
Lair:1:   layout_big_grid, uniq_fannar
Lair:2:   lemuel_slime, layout_cave_pods, cheibrodos_lair_caveside_slide,
          grunt_megastairs_4
Lair:3:   layout_gridlike, minmay_shoals_entry_beasts, serial_bayou_lagoon_a,
          grunt_megastairs_1, minmay_lair_oklob_chamber
Lair:4:   layout_roguey, minmay_snake_entry_six_corridors, ebering_ghost_xom,
          serial_bayou_shore_a, lemuel_fruit_tree, infiniplex_staircase_pool_2
Lair:5:   layout_gridlike, special_room [special_room_bee],
          grunt_forest_stairs_basic, serial_bayou_pond_a
Lair:6:   minmay_lair_end_frog_pond, layout_long_grid,
          minmay_slime_entry_oklob_open, zaba_anthell, lemuel_fruit_fields,
          uniq_nessos, uniq_josephine
Snake:1:  layout_gridlike, minmay_shoptagon, uniq_aizul
Snake:2:  layout_misc_corridors, grunt_ministairs_9, minmay_shop_star,
          uniq_louise
Snake:3:  nicolae_snake_nest, layout_gridlike, drop_trap, uniq_vashnia
Orc:1:    layout_caves, serial_shops, shop, uniq_erica, uniq_gastronok
Orc:2:    st_orc_congregation, layout_diamond_mine, serial_shops, shop,
          nicolae_shop_temple_entry_statues_fountains, shop_fountains, shop,
          nicolae_shop_waterfront

Skill      XL: |  1  2  3  4  5  6  7  8  9 10 11 12 13 14 15 16 17 |
---------------+----------------------------------------------------+-----
Earth Magic    | 4 5 6 7 9 11 12 14 15 16 17 | 17.2
Fighting       | 1 2 3 5 6 7 8 10 11 12 | 12.7
Transmutations | 1 2 |  2.0
Spellcasting   | 3 4 5 7 8 9 10 11 | 11.2
Conjurations   | 2 3 5 7 8 9 11 12 14 | 14.6
Armour         | 2 4 5 |  5.0
Summonings     | 1 5 6 |  6.0
Air Magic      | 1 3 4 6 8 10 | 10.0
Shields        | 6 7 |  7.5
Axes           | 1 2 |  2.6
Dodging        | |  1.5
Stealth        | |  2.1

Action                   |  1- 3 |  4- 6 |  7- 9 | 10-12 | 13-15 | 16-18 || total
-------------------------+-------+-------+-------+-------+-------+-------++-------
Melee: Dagger            |    89 |    90 |   140 |   198 |   317 |    33 ||   867
       Unarmed           |     1 |       |       |       |       |       ||     1
       Broad axe         |       |       |       |       |       |    65 ||    65
       Morningstar       |       |       |       |       |       |    35 ||    35
 Cast: Sandblast         |    13 |    17 |    93 |   159 |   275 |    36 ||   593
       Stone Arrow       |       |       |     5 |   117 |   598 |   363 ||  1083
       Lee's Rapid Decon |       |       |       |     5 |    27 |    33 ||    65
       Summon Lightning  |       |       |       |     2 |    41 |    10 ||    53
       Iron Shot         |       |       |       |       |    65 |    70 ||   135
       Apportation       |       |       |       |       |     1 |       ||     1
 Abil: Fly               |       |       |       |       |     1 |       ||     1
Evoke: Wand              |       |       |       |       |     7 |     4 ||    11
  Use: Scroll            |       |     8 |     6 |    10 |    10 |     9 ||    43
       Potion            |       |       |     1 |     1 |     3 |       ||     5
 Stab: Sleeping          |     1 |     4 |       |       |       |       ||     5
  Eat: Chunk             |       |     6 |     6 |    24 |    34 |    33 ||   103
       Ration            |       |       |     2 |     1 |    15 |     8 ||    26
Armor: Robe              |    30 |    22 |    58 |       |       |    28 ||   138
       Leather armour    |       |       |    33 |   226 |   824 |    87 ||  1170
       Skin              |       |       |       |       |    21 |       ||    21
       Ring mail         |       |       |       |       |       |    71 ||    71
       Troll leather arm |       |       |       |       |       |    89 ||    89
Dodge: Dodged            |    55 |    71 |   110 |   237 |   657 |   207 ||  1337
Block: Buckler           |       |       |       |       |       |    80 ||    80

Table legend:
 A = Non-vault XP
 B = Vault XP
 C = Vault XP percentage of total XP
 D = Non-vault monster count
 E = Vault monster count
 F = Vault count percentage of total count
                 A         B        C        D         E       F
            +---------+---------+-------+---------+---------+-------
      Total |  130862 |   57305 |  30.5 |     712 |     294 |  29.2
            +---------+---------+-------+---------+---------+-------
        D:1 |      50 |       0 |   0.0 |      31 |       0 |   0.0
        D:2 |     118 |      36 |  23.4 |      28 |       1 |   3.4
        D:3 |      42 |       0 |   0.0 |      14 |       0 |   0.0
        D:4 |     666 |     182 |  21.5 |      15 |       1 |   6.2
        D:5 |     219 |       0 |   0.0 |      13 |       0 |   0.0
        D:6 |    1043 |      40 |   3.7 |      15 |       1 |   6.2
        D:7 |    1322 |     986 |  42.7 |      21 |       5 |  19.2
        D:8 |    1710 |       0 |   0.0 |      49 |       0 |   0.0
        D:9 |    2483 |     290 |  10.5 |      30 |       3 |   9.1
       D:10 |    2664 |    2189 |  45.1 |      26 |       7 |  21.2
       D:11 |    3105 |       0 |   0.0 |      38 |       0 |   0.0
       D:12 |    7074 |    1140 |  13.9 |      44 |       3 |   6.4
       D:13 |    6360 |    1729 |  21.4 |      26 |       5 |  16.1
       D:14 |   13307 |       5 |   0.0 |      54 |       4 |   6.9
       D:15 |   12265 |    5443 |  30.7 |      34 |      10 |  22.7
     Lair:1 |    3909 |       0 |   0.0 |      23 |       0 |   0.0
     Lair:2 |    3318 |    1310 |  28.3 |      17 |      25 |  59.5
     Lair:3 |    3639 |    1679 |  31.6 |      17 |       5 |  22.7
     Lair:4 |    7756 |    1080 |  12.2 |      30 |      12 |  28.6
     Lair:5 |   12288 |    9588 |  43.8 |      36 |      46 |  56.1
     Lair:6 |   13305 |   13952 |  51.2 |      43 |      69 |  61.6
    Snake:1 |   13769 |    1662 |  10.8 |      27 |       1 |   3.6
    Snake:2 |   13851 |    1602 |  10.4 |      21 |       2 |   8.7
    Snake:3 |    2592 |       0 |   0.0 |       7 |       0 |   0.0
      Orc:1 |    2462 |    3224 |  56.7 |      41 |       2 |   4.7
      Orc:2 |    1545 |   10672 |  87.4 |      12 |      60 |  83.3
     Bailey |       0 |     496 | 100.0 |       0 |      32 | 100.0
            +---------+---------+-------+---------+---------+-------
